 Dungeon Crawl Stone Soup version 0.28.0-49-g6dfe1f597d (webtiles) character file.

Game seed: 4277279986203290407

1150 Gabide the Twirler (level 8, 0/58 HPs)
             Began as a Mummy Artificer on May 16, 2022.
             Was an Initiate of Kikubaaqudgha.
             Slain by an orc warrior
             ... wielding a +0 flail
              (14 damage)
             ... on level 5 of the Dungeon.
             The game lasted 00:19:24 (7500 turns).

Gabide the Twirler (Mummy Artificer)                Turns: 7500, Time: 00:19:25

Health: 0/58       AC:  7    Str: 17    XL:     8   Next: 15%
Magic:  17/17      EV: 11    Int: 10    God:    Kikubaaqudgha [......]
Gold:   164        SH:  0    Dex: 13    Spells: 7/7 levels left

rFire   + . .      SeeInvis .   b - +0 morningstar (protect)
rCold   + + .      Faith    .   (no shield)
rNeg    + + +      Spirit   .   f - +1 ring mail {rF+}
rPois   ∞          Reflect  .   (no helmet)
rElec   .          Harm     .   p - scarf {rC+ rF+}
rCorr   .          Rampage  .   (no gloves)
Will    +....                   i - +0 pair of boots
Stlth   +.........              (no amulet)
HPRegen 0.19/turn               r - ring of magical power
MPRegen 0.15/turn               (no ring)

@: no status effects
A: cold resistance 1, negative energy resistance 3, torment resistance 2, heat
vulnerability 1, no potions
a: Renounce Religion


You were on level 5 of the Dungeon.
You worshipped Kikubaaqudgha.
Kikubaaqudgha was noncommittal.
You visited 2 branches of the dungeon, and saw 7 of its levels.

You collected 164 gold pieces.

Inventory:

Hand Weapons
 a - a +0 club
 b - a +0 morningstar of protection (weapon)
 g - a +2 dagger of speed
 k - a +2 rapier of venom
Armour
 f - a +1 ring mail of fire resistance (worn)
 i - a +0 pair of boots (worn)
 p - a scarf of resistance (worn)
Jewellery
 h - a ring of ice
 r - a ring of magical power (left hand)
Scrolls
 l - 2 scrolls of noise
Miscellaneous
 e - a piece from Xom's chessboard (1/15) (quivered)


   Skills:
 - Level 3.0 Fighting
 * Level 5.7 Staves
 - Level 3.0 Armour
 - Level 3.0 Dodging
 - Level 1.5 Stealth
 - Level 3.5 Evocations


You had 7 spell levels left.
You didn't know any spells.
Your spell library contained the following spells:

 Spells                   Type           Power      Damage    Failure   Level
 Sandblast                Erth           0%         2d4       56%         1
 Passwall                 Tmut/Erth      0%         N/A       71%         2
 Static Discharge         Conj/Air       0%         N/A       71%         2
 Conjure Flame            Conj/Fire      0%         6-21      90%         3
 Ignite Poison            Fire/Tmut/Pois 0%         N/A       90%         3
 Stone Arrow              Conj/Erth      0%         3d7       90%         3
 Dispel Undead            Necr           0%         3d6       100%        4
 Sticky Flame             Conj/Fire      0%         2d3       100%        4
 Summon Forest            Summ/Tloc      0%         N/A       100%        5
 Summon Mana Viper        Hex/Summ       0%         N/A       100%        5
 Dispersal                Tloc           0%         N/A       100%        6
 Summon Cactus Giant      Summ           0%         N/A       100%        6
 Disjunction              Tloc           0%         N/A       100%        8


Dungeon Overview and Level Annotations

Branches:
Dungeon (6/15)             Temple (1/1) D:4

Altars:
Ashenzari
Cheibriados
Elyvilon
Fedhas
Gozag
Hepliaklqana
Kikubaaqudgha
Makhleb
Nemelex Xobeh
Okawaru
Qazlal
Ru
Sif Muna
Trog
Uskayaw
Vehumet
Wu Jian
Xom
The Shining One

Annotations:
D:5 Dowan, Duvessa


Innate Abilities, Weirdness & Mutations

You are immune to poison.
Your flesh is cold resistant. (rC+)
You are immune to negative energy. (rN+++)
You are immune to unholy pain and torment.
You are vulnerable to heat. (rF-)
You do not drink.


Message History

There is a stone staircase leading down here.
You make a move on Xom's chessboard...
The orc warrior seems to slow down.
The orc warrior closely misses you.
You hit the orc warrior.
Your weapon exudes an aura of protection.
The orc warrior is lightly wounded.
The orc warrior hits you with a +0 flail.
You closely miss the orc warrior.
The orc warrior is lightly wounded.
You hit the orc warrior.
The orc warrior is lightly wounded.
The orc warrior hits you but does no damage.
You hit the orc warrior.
The orc warrior is moderately wounded.
The orc warrior hits you with a +0 flail!
You hit the orc warrior but do no damage.
The orc warrior is moderately wounded.
The orc warrior hits you with a +0 flail!
You closely miss the orc warrior.
The orc warrior is moderately wounded.
The orc warrior closely misses you.
You barely miss the orc warrior.
The orc warrior is moderately wounded.
The orc warrior hits you with a +0 flail!
* * * LOW HITPOINT WARNING * * *
Non-targeted evoke: piece from Xom's chessboard (4/15)
Press: ? - help, Q - select action Dir - look around, f - activate You make a move on Xom's chessboard...
The orc warrior seems to speed up.
The orc warrior completely misses you.
Non-targeted evoke: piece from Xom's chessboard (3/15)
Press: ? - help, Q - select action Dir - look around, f - activate You make a move on Xom's chessboard...
The orc warrior struggles to resist.
The orc warrior closely misses you.
Non-targeted evoke: piece from Xom's chessboard (2/15)
Press: ? - help, Q - select action Dir - look around, f - activate You make a move on Xom's chessboard...
The orc warrior resists with significant effort.
The orc warrior hits you with a +0 flail!
You die...
Kikubaaqudgha rasps: "You have failed me!
Welcome... oblivion!"

.##.....## ##...........#
.....###.###............#
###.##
#..#.#.###..############
....#
#.#.##.###....†........#
#####
#.#.....##..###......#.
#....^^.##..###.####...#
#...^_^.##......# ##
#.#.^^^.)##.#####
#........@o.#
##...######## #####


You could see an orc warrior (fast, slow).

Vanquished Creatures
  A water moccasin (D:5)
  4 ogres
  3 phantoms
  A water moccasin zombie (D:4)
  A water moccasin skeleton (D:6)
  3 orc priests
  A jelly (D:4)
  An iguana (D:4)
  2 orc wizards (D:5)
  3 gnolls (D:3)
  3 adders
  An ufetubus (D:5)
  An adder skeleton (D:4)
  5 worms
  2 dart slugs
  8 orcs
  7 endoplasms
  3 giant cockroaches
  7 goblins
  8 hobgoblins
  8 jackals
  2 quokkas
  5 ball pythons
  5 bats
  2 frilled lizards
  9 kobolds
  2 rats (D:2)
98 creatures vanquished.

Vanquished Creatures (collateral kills)
  A gnoll (D:3)
  A goblin (D:4)
  2 quokkas
4 creatures vanquished.

Vanquished Creatures (others)
  A scorpion (D:5)
  An orc (D:5)
  An endoplasm (D:4)
  A hobgoblin (D:4)
4 creatures vanquished.

Grand Total: 106 creatures vanquished

Notes
Turn   | Place    | Note
-------+----------+-------------------------------------------
     0 | D:1      | Gabide the Mummy Artificer began the quest for the Orb.
     0 | D:1      | Reached XP level 1. HP: 15/15 MP: 1/1
    94 | D:1      | Reached skill level 1 in Stealth
   111 | D:1      | Reached XP level 2. HP: 8/21 MP: 2/2
   325 | D:1      | Reached skill level 1 in Dodging
   926 | D:1      | Reached skill level 1 in Staves
  1415 | D:2      | Found a faded altar of an unknown god.
  1607 | D:2      | Reached XP level 3. HP: 24/26 MP: 3/3
  1775 | D:2      | Found a sparkling altar of Nemelex Xobeh.
  2430 | D:3      | Reached XP level 4. HP: 17/33 MP: 4/4
  3825 | D:4      | Reached XP level 5. HP: 38/38 MP: 5/5
  4140 | D:4      | Reached XP level 6. HP: 39/46 MP: 6/6
  4160 | D:4      | Reached skill level 2 in Staves
  4669 | D:4      | Found a staircase to the Ecumenical Temple.
  4698 | Temple   | Entered the Ecumenical Temple
  4784 | Temple   | Became a worshipper of Kikubaaqudgha
  5579 | D:4      | Reached XP level 7. HP: 46/52 MP: 7/7
  5693 | D:5      | Entered Level 5 of the Dungeon
  5702 | D:5      | Found a shimmering altar of Xom.
  5832 | D:5      | Reached skill level 3 in Staves
  5883 | D:5      | Found a bloodstained altar of Trog.
  6171 | D:4      | Reached skill level 4 in Staves
  7048 | D:5      | Reached skill level 5 in Staves
  7118 | D:5      | Noticed Duvessa
  7119 | D:5      | Noticed Dowan
  7120 | D:5      | Reached XP level 8. HP: 31/58 MP: 8/8
  7381 | D:6      | Found a hide-covered altar of Uskayaw.
  7500 | D:5      | Slain by an orc warrior

Illustrated notes

Levels and vault maps discovered:
D:1:      dpeg_arrival_tiny_d, layout_basic
D:2:      layout_loops_ring, basic_altar, ebering_ecumenical_altar_sacrificial,
          st_stairs_2
D:3:      layout_loops_ring
D:4:      cheibrodos_barr_body, layout_basic, minmay_temple_entry_slanted
D:5:      nicolae_cairo_tiling_large_dashed, layout_loops_ring,
          xom_teletrap_fun, lemuel_round_altar, uniq_duvessa
D:6:      layout_cave_pods, mainiacjoe_overflow_concentric_impassable
Temple:   lightli_temple_of_artemis

Skill      XL: |  1  2  3  4  5  6  7 |
---------------+----------------------+-----
Stealth        | 1 |  1.5
Dodging        | 1 2 3 |  3.0
Staves         | 1 2 5 |  5.7
Armour         | 2 3 |  3.0
Fighting       | 2 3 |  3.0
Evocations     | 3 |  3.5

Action                   |  1- 3 |  4- 6 |  7- 9 || total
-------------------------+-------+-------+-------++-------
Melee: Club              |    44 |       |    37 ||    81
       Dagger            |   137 |   180 |    70 ||   387
       Punch             |     2 |     2 |       ||     4
       Morningstar       |       |       |   105 ||   105
       Rapier            |       |       |     5 ||     5
Evoke: Wand              |     8 |    49 |    12 ||    69
       Piece from Xom's  |     1 |     5 |    15 ||    21
  Use: Scroll            |     1 |     2 |     4 ||     7
 Stab: Sleeping          |     2 |     3 |       ||     5
       Distracted        |       |     1 |       ||     1
       Paralysed         |       |       |     5 ||     5
       Petrified         |       |       |     4 ||     4
       Petrifying        |       |       |     1 ||     1
Armor: Leather armour    |    40 |    15 |       ||    55
       Ring mail         |       |     7 |   107 ||   114
Dodge: Dodged            |    93 |    60 |    90 ||   243
